 Dungeon Crawl Stone Soup version 0.24-a0-420-g24607be9ce (webtiles) character file.

Game seed: 11790939239686342477

676 ohad the Carver (level 7, 0/57 HPs)
             Began as a Minotaur Berserker on June 11, 2019.
             Was a Priest of Trog.
             Slain by a hound (4 damage)
             ... on level 5 of the Dungeon.
             The game lasted 00:08:01 (3565 turns).

ohad the Carver (Minotaur Berserker)                Turns: 3565, Time: 00:08:01

Health: 0/57       AC:  3    Str: 22    XL:     7   Next: 33%
Magic:  6/6        EV:  8    Int:  4    God:    Trog [***...]
Gold:   194        SH:  0    Dex: 11    Spells: 6/6 levels left

rFire    . . .     SeeInvis .   a - +0 falchion
rCold    . . .     Gourm    .   (no shield)
rNeg     . . .     Faith    .   u - +0 chain mail
rPois    .         Spirit   .   (helmet restricted)
rElec    .         Reflect  .   k - +0 cloak
rCorr    .         Harm     .   d - +0 pair of gloves
MR       .....                  (no boots)
Stlth    ..........             (no amulet)
HPRegen  0.19/turn              B - ring of stealth
MPRegen  0.10/turn              (no ring)

@: corroded, berserk cooldown, slowed, very slow
A: retaliatory headbutt, horns 2
a: Berserk, Trog's Hand, Renounce Religion


You were on level 5 of the Dungeon.
You worshipped Trog.
Trog was most pleased with you.
You were very hungry.

You visited 1 branch of the dungeon, and saw 7 of its levels.

You collected 194 gold pieces.

Inventory:

Hand Weapons
 a - a +0 falchion (weapon)
 x - a +4 quarterstaff of chaos
Missiles
 e - 54 bolts
 o - 23 poisoned darts (quivered)
Armour
 b - a +0 animal skin
 d - a +0 pair of gloves (worn)
 i - a +0 leather armour
 k - a +0 cloak (worn)
 u - a +0 chain mail (worn)
Jewellery
 B - a ring of stealth (left hand)
Scrolls
 h - 2 scrolls of random uselessness {unknown}
 l - 2 scrolls of fear {unknown}
 m - a scroll of amnesia {unknown}
 p - 3 scrolls of teleportation {unknown}
 q - a scroll of blinking {unknown}
 r - a scroll of immolation {unknown}
 s - a scroll of enchant armour {unknown}
 t - a scroll of noise {unknown}
 y - a scroll of fog {unknown}
 A - a scroll of remove curse {unknown}
Potions
 f - a potion of experience
 g - 2 potions of curing
 v - 2 potions of brilliance
 w - 2 potions of ambrosia
 z - a potion of flight {unknown}
Comestibles
 c - 7 rations


   Skills:
 - Level 3.6 Fighting
 + Level 10.2 Long Blades
 - Level 2.4 Armour
 - Level 2.1 Dodging


You had 6 spell levels left.
You didn't know any spells.
Your spell library was empty.

Dungeon Overview and Level Annotations

Branches:
Dungeon (7/15)             Temple (0/1) D:4

Altars:
Ashenzari
Dithmenos
Trog


Innate Abilities, Weirdness & Mutations

You reflexively headbutt those who attack you in melee.
You have a pair of horns on your head.


Message History

The gnoll hits you with a +0 whip.
* * * LOW HITPOINT WARNING * * *
The adder closely misses you. You furiously retaliate!
You headbutt the adder!
You feel a strong urge to attack something.
The hound bites you.
* * * LOW HITPOINT WARNING * * *
You feel your anger nearly subside.
Unknown command.
You are no longer berserk.
You are exhausted.
You feel yourself slow down.
There is a stone staircase leading up here.
The hound bites you.
* * * LOW HITPOINT WARNING * * *
The hound bites you.
* * * LOW HITPOINT WARNING * * *
The adder bites you.
* * * LOW HITPOINT WARNING * * *
The hound bites you.
You die...

#.......# #..
##...#### ### #...#
#...###### ##
#........)...
#######...#####..#
#................##
g.gggg..†g.g........
.#........gh@.....#
######....S........
#.....#######.
#.....# #.....#
#.....# ##.....
######


You could see a gnoll shaman, a hound, 3 gnolls and an adder.

Vanquished Creatures
  A sky beast (D:5)
  A howler monkey (D:6)
  2 crimson imps
  A jelly (D:5)
  Crazy Yiuf (D:3)
  An orc priest (D:4)
  3 orc wizards
  Jessica (D:2)
  An iguana (D:4)
  2 worker ants (D:4)
  A hound skeleton (D:4)
  4 gnolls (D:4)
  7 adders
  An ooze (D:2)
  A worm (D:3)
  2 dart slugs
  4 leopard geckos
  3 orcs
  9 giant cockroaches
  7 hobgoblins
  3 jackals (D:2)
  6 kobolds
  A quokka (D:2)
  A ball python (D:4)
  8 bats
  3 frilled lizards
  11 goblins
  4 rats
90 creatures vanquished.

Notes
Turn   | Place    | Note
-------+----------+-------------------------------------------
     0 | D:1      | ohad the Minotaur Berserker began the quest for the Orb.
     0 | D:1      | Reached XP level 1. HP: 19/19 MP: 0/0
    39 | D:1      | Reached skill level 4 in Long Blades
    58 | D:1      | Reached XP level 2. HP: 22/26 MP: 1/1
   373 | D:1      | Reached skill level 5 in Long Blades
   420 | D:1      | Reached ** piety under Trog
   598 | D:1      | Reached XP level 3. HP: 31/31 MP: 2/2
   944 | D:2      | Found a shattered altar of Ashenzari.
   944 | D:2      | Found a shadowy altar of Dithmenos.
   945 | D:2      | Found a bloodstained altar of Trog.
  1257 | D:2      | Noticed Jessica
  1263 | D:2      | Killed Jessica
  1263 | D:2      | Reached skill level 6 in Long Blades
  1263 | D:2      | Reached XP level 4. HP: 38/39 MP: 3/3
  1485 | D:3      | Reached XP level 5. HP: 33/45 MP: 4/4
  1601 | D:3      | Reached skill level 7 in Long Blades
  1977 | D:3      | Found a runed translucent door.
  1978 | D:3      | Noticed Crazy Yiuf
  1993 | D:3      | Killed Crazy Yiuf
  2386 | D:3      | Reached skill level 8 in Long Blades
  2411 | D:4      | You fall into a shaft and drop 3 floors!
  2461 | D:6      | Noticed a centaur
  2464 | D:6      | Reached XP level 6. HP: 46/51 MP: 5/5
  2467 | D:5      | Entered Level 5 of the Dungeon
  2487 | D:5      | Noticed a sky beast
  2498 | D:5      | Killed a sky beast
  2726 | D:4      | Reached *** piety under Trog
  2726 | D:4      | Reached skill level 9 in Long Blades
  2943 | D:4      | Found a staircase to the Ecumenical Temple.
  2955 | D:4      | Reached XP level 7. HP: 56/57 MP: 6/6
  3297 | D:4      | Reached skill level 10 in Long Blades
  3565 | D:5      | Slain by a hound

Levels and vault maps discovered:
D:1:      mrwooster_arrival_statue_3, layout_basic, st_stairs_7,
          minmay_hexomino_p4
D:2:      layout_basic, gammafunk_temple_overflow_claw, uniq_jessica
D:3:      layout_loops_ring, first_ration, uniq_crazy_yiuf_cottage
D:4:      layout_basic, minmay_temple_entry_sparse_star
D:5:      layout_loops_cross, minmay_manual_mess
D:6:      kennysheep_windowed_halls, layout_basic, overflow_temple_1_default,
          old_standard_altar, uniq_duvessa
D:7:      layout_loops_corners, enter_bailey_3

Skill      XL: |  1  2  3  4  5  6  7 |
---------------+----------------------+-----
Long Blades    | 4 5 6 8 9 10 | 10.2
Fighting       | |  3.6
Armour         | |  2.4
Dodging        | |  2.1

Action                   |  1- 3 |  4- 6 |  7- 9 || total
-------------------------+-------+-------+-------++-------
Melee: Falchion          |    74 |   136 |    38 ||   248
       Headbutt          |    11 |    15 |     8 ||    34
Invok: Trog's Hand       |     1 |     1 |       ||     2
       Berserk           |       |       |     1 ||     1
  Use: Scroll            |       |       |     5 ||     5
       Potion            |       |       |     2 ||     2
  Eat: Chunk             |     1 |     6 |     2 ||     9
Armor: Animal skin       |     8 |       |       ||     8
       Leather armour    |    17 |     9 |       ||    26
       Chain mail        |       |    45 |    25 ||    70
Dodge: Dodged            |    47 |    56 |    13 ||   116
       Rpst.: Falchion   |     9 |    15 |     6 ||    30

Table legend:
 A = Non-vault XP
 B = Vault XP
 C = Vault XP percentage of total XP
 D = Non-vault monster count
 E = Vault monster count
 F = Vault count percentage of total count
                 A         B        C        D         E       F
            +---------+---------+-------+---------+---------+-------
      Total |     884 |      83 |   8.6 |      85 |       5 |   5.6
            +---------+---------+-------+---------+---------+-------
        D:1 |      38 |       5 |  11.6 |      22 |       3 |  12.0
        D:2 |      64 |      37 |  36.6 |      19 |       1 |   5.0
        D:3 |     201 |      41 |  16.9 |      21 |       1 |   4.5
        D:4 |     283 |       0 |   0.0 |      16 |       0 |   0.0
        D:5 |     240 |       0 |   0.0 |       5 |       0 |   0.0
        D:6 |      58 |       0 |   0.0 |       2 |       0 |   0.0
            +---------+---------+-------+---------+---------+-------
